 Dungeon Crawl Stone Soup version 0.28-a0-1506-g3893175d92 (webtiles) character file.

Game seed: 17229493952609666641

30 HallandMoats the Skirmisher (level 3, 0/29 HPs)
             Began as a Demonspawn Fighter on Jan 14, 2022.
             Was a Believer of Lugonu.
             Slain by an orc (20 damage)
             ... on level 2 of the Dungeon.
             The game lasted 00:01:04 (756 turns).

HallandMoats the Skirmisher (Demonspawn Fighter)     Turns: 756, Time: 00:01:06

Health: 0/29       AC:  8    Str: 18    XL:     3   Next: 3%
Magic:  3/3        EV:  9    Int:  9    God:    Lugonu [**....]
Gold:   59         SH:  4    Dex: 12    Spells: 2/2 levels left

rFire   . . .      SeeInvis .   a - +0 war axe
rCold   . . .      Faith    .   c - +0 buckler
rNeg    . . .      Spirit   .   b - +0 scale mail
rPois   .          Reflect  .   (helmet restricted)
rElec   .          Harm     .   (no cloak)
rCorr   .          Rampage  .   (no gloves)
Will    .....                   (no boots)
Stlth   ..........              (no amulet)
HPRegen 0.09/turn               (no ring)
MPRegen 0.08/turn               (no ring)

@: no status effects
A: antennae 1, molten scales 1
a: Renounce Religion, Depart the Abyss, Bend Space


You were on level 2 of the Dungeon.
You worshipped Lugonu.
Lugonu was pleased with you.
You visited 1 branch of the dungeon, and saw 2 of its levels.

You collected 59 gold pieces.

Inventory:

Hand Weapons
 a - a +0 war axe (weapon)
Armour
 b - a +0 scale mail (worn)
 c - a +0 buckler (worn)
Jewellery
 g - an amulet of magic regeneration
Scrolls
 e - a scroll of teleportation {unknown}
 h - 2 scrolls of identify {unknown}
 j - a scroll of noise {unknown}
Potions
 d - a potion of might
 f - a potion of lignification {unknown}
 i - 2 potions of curing {unknown}
 k - a potion of magic {unknown}


   Skills:
 * Level 3.3 Fighting
 * Level 2.3 Axes
 + Level 2.8 Armour
 + Level 0.4 Dodging
 * Level 3.0 Shields


You had 2 spell levels left.
You didn't know any spells.
Your spell library was empty.

Dungeon Overview and Level Annotations

Branches:
Dungeon (2/15)

Altars:
Lugonu


Innate Abilities, Weirdness & Mutations

You have a pair of small antennae on your head.
You are partially covered in molten scales. (AC +2)


Message History

Found 19 stones.
There is a faded altar of an unknown god here.
You see here a scroll of immolation.
You cannot tell which god this altar belongs to.
Convert to them anyway?
Lugonu accepts your prayer! Lugonu welcomes you!
You can now depart the Abyss.
You can now bend space around yourself.
You now have 37 gold pieces (gained 12).
You see here a +0 robe.
There is an escape hatch in the floor here.
Things that are here:
a +0 club; a goblin corpse You now have 46 gold pieces (gained 9).
You see here a +0 dagger.
You now have 59 gold pieces (gained 13).
An orc comes into view. It is wielding a +0 club.
An orc is nearby!
An orc is nearby!
An orc is nearby!
An orc and an orc wizard come into view.
The orc is wielding a +0 dagger of electrocution.
Found a potion of might.
The orc shouts!
You hear a shout!
The orc wizard gestures at you while chanting.
The puff of flame hits you!
An orc comes into view. It is wielding a +0 hand axe.
An orc comes into view. It is wielding a +0 hand axe.
You hit the orc but do no damage. The orc hits you but does no damage.
The orc closely misses you.
You hit the orc.
The orc is lightly wounded.
You block the orc's attack.
You barely miss the orc.
The orc is lightly wounded.
You hit the orc but do no damage. The orc barely misses you.
You block the orc's attack.
The orc hits you with a +0 dagger of electrocution.
You are electrocuted!!
Ouch! That really hurt!
You die...

#.........#...#[
#....#...............
#....#.......#.......
#.!..#.........#.....
#....#..........#.##.
#....#....[..........
####....#........#....†.
........#........#.#.##.
.....oo@.........#.#.##.
.....oo#######...#...)..
.....o# #...###....
...... #...# ##### .....
##### ..... .... ....


You could see an orc wizard and 4 orcs.

Vanquished Creatures
  A dart slug (D:2)
  2 endoplasms (D:2)
  2 giant cockroaches (D:1)
  4 goblins
  3 jackals (D:2)
  A quokka (D:1)
  A ball python (D:1)
  7 bats
  A frilled lizard (D:2)
  2 kobolds
  2 rats
26 creatures vanquished.

Notes
Turn   | Place    | Note
-------+----------+-------------------------------------------
     0 | D:1      | HallandMoats the Demonspawn Fighter began the quest for the
                  | Orb.
     0 | D:1      | Reached XP level 1. HP: 18/18 MP: 1/1
   305 | D:1      | Gained mutation: You have a pair of small antennae on your
                  | head. [demonic ancestry]
   305 | D:1      | Reached XP level 2. HP: 21/24 MP: 2/2
   601 | D:2      | Gained mutation: You are partially covered in molten
                  | scales. (AC +2) [demonic ancestry]
   601 | D:2      | Reached XP level 3. HP: 20/29 MP: 3/3
   602 | D:2      | Found a faded altar of an unknown god.
   718 | D:2      | Prayed at the altar of an unknown god.
   718 | D:2      | Became a worshipper of Lugonu the Unformed
   718 | D:2      | Reached * piety under Lugonu
   718 | D:2      | Reached ** piety under Lugonu
   756 | D:2      | Slain by an orc

Illustrated notes

Levels and vault maps discovered:
D:1:      minmay_arrival_arboretum_small, layout_rooms, glass_columns_b
D:2:      layout_basic, hellmonk_ecumenical_altar_blasted, minmay_surrounded

Skill      XL: |  1  2 |
---------------+-------+-----
Axes           | 2 |  2.3
Shields        | 3 |  3.0
Fighting       | |  3.3
Armour         | |  2.8
Dodging        | |  0.4

Action                   || total
-------------------------++-------
Melee: War axe           ||    79
Armor: Scale mail        ||    47
Dodge: Dodged            ||    36
Block: Buckler           ||    28

Table legend: (Time is in decaauts)
 A = Elapsed time spent in this place.
 B = Non-inter-level travel time spent in this place.
 C = Inter-level travel time spent in this place.
 D = Time resting spent in this place.
 E = Time spent auto-exploring this place.
 F = Levels seen in this place.
 G = Mean time per level.
                   A        B        C        D        E       F      G
               +--------+--------+--------+--------+--------+-----+--------+
         Total |    790 |    778 |     12 |      0 |    593 |   2 |  395.0 |
       Dungeon |    790 |    778 |     12 |      0 |    593 |   2 |  395.0 |
               +--------+--------+--------+--------+--------+-----+--------+

Top non-repeatable levels by time:
     D:1: 525 daAuts
     D:2: 265 daAuts
